 Dungeon Crawl Stone Soup version 0.20.1-1-g8b1a95d (webtiles) character file.

6783 Timinator the Grappler (level 10, -10/100 HPs)
             Began as a Troll Monk on Nov 3, 2017.
             Was a High Priest of Okawaru.
             Mangled by a two-headed ogre
             ... wielding a +0 giant spiked club
              (16 damage)
             ... on level 9 of the Dungeon.
             The game lasted 00:10:05 (6648 turns).

Timinator the Grappler (Troll Monk)                 Turns: 6648, Time: 00:10:06

Health: -10/100    AC:  6    Str: 21    XL:     10   Next: 76%
Magic:  9/9        EV: 13    Int:  7    God:    Okawaru [*****.]
Gold:   355        SH:  5    Dex: 14    Spells: 9/9 levels left

rFire    + . .     SeeInvis .     - Unarmed
rCold    . . .     Gourm    +   (no shield)
rNeg     . . .     Faith    .   m - +1 robe {MR+}
rPois    .         Spirit   .   (helmet restricted)
rElec    .         Reflect  +   (no cloak)
rCorr    .         Harm     .   (gloves unavailable)
MR       ++...                  (boots unavailable)
Stlth    ++........             y - +5 amulet of reflection
Regen    0.7/turn               s - ring of protection from fire
MPRegen  0.2/turn               B - ring of protection from magic

@: no status effects
A: unfitting armour, claws 3, fast metabolism 3, gourmand, regeneration 1,
shaggy fur 1, tough skin 2
a: Heroism, Finesse, Renounce Religion


You were on level 9 of the Dungeon.
You worshipped Okawaru.
Okawaru was extremely pleased with you.
You were not hungry.

You visited 2 branches of the dungeon, and saw 11 of its levels.

You collected 447 gold pieces.
You spent 92 gold pieces at shops.

Inventory:

Hand Weapons
 l - a +1 longbow of flaming
Armour
 m - a +1 robe of magic resistance (worn)
Jewellery
 i - an uncursed amulet of rage {unknown}
 s - a ring of protection from fire (left claw)
 y - a +5 amulet of reflection (around neck)
 B - a ring of protection from magic (right claw)
Wands
 j - a wand of digging (10/24)
 u - a wand of paralysis (17/24)
Scrolls
 a - a scroll of enchant weapon
 c - 3 scrolls of teleportation
 f - 5 scrolls of identify
 k - 4 scrolls of remove curse
 n - a scroll of amnesia
 p - a scroll of immolation
 r - 2 scrolls of enchant armour
 A - 3 scrolls of recharging
Potions
 e - 3 potions of curing
 g - 3 potions of brilliance
 o - 2 potions of mutation {unknown}
 q - a potion of agility
 t - a potion of magic {unknown}
 v - a potion of ambrosia
 w - a potion of heal wounds
Comestibles
 b - 6 bread rations
 d - 7 meat rations


   Skills:
 + Level 6.6 Fighting
 + Level 6.2 Armour
 + Level 6.8 Dodging
 - Level 1.0 Stealth
 * Level 10.8 Unarmed Combat


You had 9 spell levels left.
You didn't know any spells.

Dungeon Overview and Level Annotations

Branches:
Dungeon (10/15)            Temple (1/1) D:7            Lair (0/6) D:10
    Orc: D:9-12

Altars:
Ashenzari
Cheibriados
Dithmenos
Elyvilon
Fedhas
Gozag
Hepliaklqana
Kikubaaqudgha
Makhleb
Nemelex Xobeh
Okawaru
Qazlal
Ru
Sif Muna
Trog
Vehumet
Xom
Yredelemnul
Zin
The Shining One

Shops:
D:5 !   D:9 ?

Annotations:
D:4 Timinator's ghost, amateur TrMo
D:8 Joseph; gagarinx's ghost, novice MiFi


Innate Abilities, Weirdness & Mutations

You are too large for most types of armour.
You have claws for hands.
Your metabolism is lightning-fast.
You like to eat raw meat.
Your natural rate of healing is unusually fast.
You are covered in fur. (AC +1)
You have very tough skin. (AC +2)


Message History

You block the two-headed ogre's attack.
The two-headed ogre hits you with a giant club!!
The orc barely misses you.
You climb downwards.
There is a stone staircase leading up here.
Unknown command.
You can't go down here!
You barely miss the two-headed ogre. Your claw misses the two-headed ogre.
The two-headed ogre hits you with a giant spiked club!!
The two-headed ogre hits you with a giant club!
Unknown command.
You mangle the orc!!
You kill the orc!
Unknown command.
You claw the two-headed ogre!
The two-headed ogre is moderately wounded.
The two-headed ogre hits you with a giant spiked club!!
* * * LOW HITPOINT WARNING * * *
The two-headed ogre hits you with a giant club!
You die...

##### #...# #####.# ....###
#...# #....## ..."..###...#
###.#...# .......##...#
#.._...## .......#....#
#.#.#..# ............#
#.#..#.# ............#
#...####
............###########..##
...............O@)........##
.....[........#####........#
.........######
##.........## .(...p...#
#...........## ....p....#
#............# ...p.....#
#.........##.# .........#
##........#### ........##
#........# ........#
##......##


You could see a two-headed ogre.

Vanquished Creatures
  2 death yaks
  3 two-headed ogres
  Pikel (D:9)
  Sigmund (D:6)
  A black bear (D:7)
  A sky beast (D:6)
  3 ice beasts
  2 orc warriors
  2 phantoms
  A slave (D:9)
  2 centaurs
  5 ogres
  A bullfrog (D:6)
  3 scorpions
  5 wights (D:6)
  3 crimson imps
  2 centaur zombies (D:7)
  4 orc priests
  3 hounds
  A jelly (D:5)
  A centaur skeleton (D:9)
  4 orc wizards
  A bullfrog skeleton (D:9)
  3 iguanas
  Natasha (thrice) (D:2)
  6 worker ants
  A killer bee zombie (D:7)
  A worker ant zombie (D:6)
  A howler monkey skeleton (D:4)
  8 gnolls
  7 adders
  An ooze (D:4)
  An adder zombie (D:6)
  4 worms
  2 dart slugs
  5 leopard geckos
  17 orcs
  6 giant cockroaches
  8 goblins
  11 hobgoblins
  9 jackals
  8 kobolds
  4 quokkas
  A ball python (D:1)
  A ball python zombie (D:3)
  9 bats
  4 frilled lizards
  A jackal zombie (D:5)
  A leopard gecko skeleton (D:6)
  A quokka zombie (D:9)
  6 rats
182 creatures vanquished.

Vanquished Creatures (others)
  A slave (D:9)
1 creature vanquished.

Grand Total: 183 creatures vanquished

Notes
Turn   | Place    | Note
-------+----------+-------------------------------------------
     0 | D:1      | Timinator the Troll Monk began the quest for the Orb.
     0 | D:1      | Reached XP level 1. HP: 22/22 MP: 0/0
    63 | D:1      | Reached XP level 2. HP: 17/29 MP: 1/1
   199 | D:1      | Reached skill level 1 in Armour
   297 | D:1      | Reached XP level 3. HP: 36/36 MP: 2/2
   554 | D:2      | Noticed Natasha
   561 | D:2      | Killed Natasha
   583 | D:2      | Noticed Natasha
   587 | D:2      | Reached XP level 4. HP: 44/44 MP: 3/3
   592 | D:2      | Killed Natasha
   692 | D:2      | Reached skill level 4 in Unarmed Combat
   738 | D:2      | Noticed Natasha
   740 | D:2      | Killed Natasha
   777 | D:2      | Reached XP level 5. HP: 50/53 MP: 4/4
  1194 | D:3      | Found a burning altar of Makhleb.
  1576 | D:4      | Found a blossoming altar of Fedhas.
  1786 | D:4      | Noticed Timinator's ghost (amateur TrMo)
  1800 | D:5      | Entered Level 5 of the Dungeon
  2008 | D:5      | Reached XP level 6. HP: 61/61 MP: 5/5
  2083 | D:5      | Reached skill level 5 in Unarmed Combat
  2149 | D:5      | Found Zoutit's Distillery.
  2157 | D:5      | Bought a potion of heal wounds for 50 gold pieces
  2262 | D:5      | Found a stormy altar of Qazlal.
  2460 | D:5      | Reached XP level 7. HP: 60/67 MP: 6/6
  2579 | D:6      | Noticed Sigmund
  2815 | D:6      | Killed Sigmund
  2815 | D:6      | Reached skill level 6 in Unarmed Combat
  3174 | D:6      | Reached XP level 8. HP: 78/78 MP: 7/7
  3368 | D:6      | Reached skill level 7 in Unarmed Combat
  3695 | D:6      | Found a radiant altar of Vehumet.
  4013 | D:7      | Found a deep blue altar of Sif Muna.
  4028 | D:7      | Reached skill level 5 in Dodging
  4028 | D:7      | Reached skill level 8 in Unarmed Combat
  4028 | D:7      | Reached XP level 9. HP: 87/87 MP: 8/8
  4046 | D:7      | Found a shattered altar of Ashenzari.
  4216 | D:7      | Found a staircase to the Ecumenical Temple.
  4392 | D:7      | Reached skill level 5 in Fighting
  4506 | D:8      | Noticed a two-headed ogre
  4508 | D:8      | Noticed a two-headed ogre
  4573 | Temple   | Entered the Ecumenical Temple
  4640 | Temple   | Became a worshipper of Warmaster Okawaru
  4640 | Temple   | Reached * piety under Okawaru
  4640 | Temple   | Reached ** piety under Okawaru
  4726 | D:8      | Noticed a two-headed ogre
  4729 | D:8      | Noticed gagarinx's ghost (novice MiFi)
  4751 | D:7      | HP: 1/88 [ogre/giant club (26)]
  4976 | D:7      | You fall through a shaft for 2 floors!
  5006 | D:10     | Entered Level 10 of the Dungeon
  5006 | D:10     | Found a staircase to the Lair.
  5006 | D:10     | Noticed a death yak
  5006 | D:10     | Noticed a death yak
  5009 | D:10     | Noticed a two-headed ogre
  5063 | D:10     | Killed a two-headed ogre
  5063 | D:10     | Reached *** piety under Okawaru
  5063 | D:10     | Reached skill level 5 in Armour
  5222 | D:10     | Killed a death yak
  5222 | D:10     | Reached skill level 9 in Unarmed Combat
  5372 | D:10     | Noticed a death yak
  5372 | D:10     | Noticed a death yak
  5374 | D:10     | Noticed a death yak
  5375 | D:10     | Noticed a death yak
  5423 | D:9      | Reached XP level 10. HP: 88/98 MP: 9/9
  5688 | D:9      | Reached **** piety under Okawaru
  5918 | D:9      | Noticed Pikel
  5923 | D:9      | Killed Pikel
  5923 | D:9      | Reached skill level 10 in Unarmed Combat
  6006 | D:9      | Found a basalt altar of Yredelemnul.
  6060 | D:9      | Found Yquts's Magic Scroll Boutique.
  6066 | D:9      | Bought a scroll of teleportation for 42 gold pieces
  6128 | D:9      | Killed a death yak
  6357 | D:8      | Killed a two-headed ogre
  6357 | D:8      | Reached ***** piety under Okawaru
  6363 | D:8      | Killed a two-headed ogre
  6363 | D:8      | Received a gift from Okawaru
  6381 | D:8      | Noticed Joseph
  6411 | D:8      | HP: 3/100 [two-headed ogre/giant spiked club (26)]
  6648 | D:9      | Mangled by a two-headed ogre

Skill      XL: |  1  2  3  4  5  6  7  8  9 10 |
---------------+-------------------------------+-----
Armour         | 1 2 3 4 5 6 |  6.2
Fighting       | 3 4 5 6 |  6.6
Unarmed Combat | 4 5 6 8 9 10 | 10.8
Dodging        | 3 4 5 6 |  6.8
Stealth        | |  1.0

Action                   |  1- 3 |  4- 6 |  7- 9 | 10-12 || total
-------------------------+-------+-------+-------+-------++-------
Melee: Unarmed           |    74 |   135 |   278 |    85 ||   572
       Punch             |     1 |     5 |     6 |     3 ||    15
Invok: Heroism           |       |       |     2 |       ||     2
  Use: Scroll            |       |     6 |     4 |     5 ||    15
       Potion            |       |       |     9 |     1 ||    10
 Stab: Sleeping          |       |     5 |     5 |     2 ||    12
       Distracted        |       |     1 |     2 |       ||     3
  Eat: Chunk             |     8 |     7 |    21 |     9 ||    45
       Fruit             |       |     2 |     2 |       ||     4
       Royal jelly       |       |     1 |     1 |     1 ||     3
       Bread ration      |       |       |     1 |       ||     1
Armor: Robe              |    28 |    32 |    47 |     8 ||   115
       Skin              |       |       |     2 |     2 ||     4
Dodge: Dodged            |    35 |    52 |   122 |    34 ||   243
Block: Other             |     1 |    14 |    52 |    12 ||    79
       Reflection        |       |       |     1 |       ||     1
